 Dungeon Crawl Stone Soup version 0.17.0-28-g6e173f8 (console) character file.

2030 Kloppie the Skirmisher (level 9, -1/81 HPs)
             Began as a Centaur Fighter on Nov 25, 2015.
             Was an Initiate of Elyvilon.
             Slain by Prince Ribbit (10 damage)
             ... on level 7 of the Dungeon.
             The game lasted 00:10:29 (7755 turns).

Kloppie the Skirmisher (Centaur Fighter)            Turns: 7755, Time: 00:10:29

Health: -1/81      AC: 13    Str: 22    XL:     9   Next: 3%
Magic:  9/9        EV:  4    Int:  7    God:    Elyvilon [......]
Gold:   322        SH:  9    Dex: 13    Spells: 0 memorised, 8 levels left

rFire  . . .     SeeInvis .     a - +0 war axe
rCold  . . .     Clarity  .     D - +1 ring mail "Forget-Me-Not" {rPois Str+4 Stlth-}
rNeg   . . .     SustAt   +     c - +0 shield
rPois  +         Gourm    .     (no helmet)
rElec  .         Spirit   .     (no cloak)
rCorr  .         Warding  .     (no gloves)
rMut   .         Stasis   .     w - +1 centaur barding
MR     .....                    (no amulet)
Stlth  ..........               (no ring)
                                m - ring of sustain attributes

@: very quick, not resistant to hostile enchantments, extremely unstealthy
A: hooves 3, deformed body, speed 2, tough skin 3
a: Renounce Religion


You were on level 7 of the Dungeon.
You worshipped Elyvilon.
Elyvilon was noncommittal.
You were not hungry.

You visited 2 branches of the dungeon, and saw 8 of its levels.

You collected 322 gold pieces.

Inventory:

Hand Weapons
 a - a +0 war axe (weapon)
Armour
 b - a +0 scale mail
 c - a +0 shield (worn)
 v - a +0 chain mail
 w - a +1 centaur barding (worn)
 D - the +1 ring mail "Forget-Me-Not" (worn) {rPois Str+4 Stlth-}
   (You found it on level 5 of the Dungeon)

   It affects your strength (+4).
   It protects you from poison.
   It makes you less stealthy.
 F - a +0 plate armour
Jewellery
 m - a ring of sustain attributes (left hand)
 A - an uncursed ring of fire
Wands
 y - a wand of flame (23)
 C - a wand of random effects (29)
Scrolls
 f - 4 scrolls of enchant armour
 h - 2 scrolls of blinking
 p - 2 scrolls of magic mapping
 q - 2 scrolls of fog
 r - 4 scrolls of remove curse
Potions
 d - 2 potions of agility
 g - a potion of ambrosia {unknown}
 i - 2 potions of magic
 j - a potion of flight
 k - a potion of degeneration {unknown}
 n - a potion of resistance {unknown}
 o - 5 potions of curing
 s - 2 potions of lignification {unknown}
 z - 2 potions of brilliance {unknown}
 B - a potion of heal wounds
Comestibles
 e - 6 bread rations
 l - a slice of pizza
 t - a beef jerky
 u - 2 meat rations
 x - 2 fruits


   Skills:
 - Level 7.8 Fighting
 - Level 7.6 Axes
 + Level 4.2 Armour
 - Level 2.1 Shields


You had 8 spell levels left.
You didn't know any spells.

Dungeon Overview and Level Annotations

Branches:
Dungeon (7/15)             Temple (1/1) D:6

Altars:
Ashenzari
Dithmenos
Elyvilon
Fedhas
Gozag
Kikubaaqudgha
Makhleb
Nemelex Xobeh
Qazlal
Ru
Sif Muna
Trog
Vehumet
Xom
Yredelemnul
The Shining One

Shops:
D:4 =   D:5 ?

Annotations:
D:4 Kloppie's ghost, amateur CeFi
D:7 Prince Ribbit


Innate Abilities, Weirdness & Mutations

You have hooves in place of feet.
Armour fits poorly on your strangely shaped body.
You cover ground very quickly.
You have extremely tough skin (AC +3).


Message History

Prince Ribbit is moderately wounded.
Prince Ribbit blinks!
Prince Ribbit blinks!
Prince Ribbit hits you!
* * * LOW HITPOINT WARNING * * *
Prince Ribbit momentarily phases out as your attack passes through him.
You kick Prince Ribbit.
Prince Ribbit is heavily wounded.
Prince Ribbit catches a fly with his tongue.
You block Prince Ribbit's attack.
You closely miss Prince Ribbit. Your kick misses Prince Ribbit.
Prince Ribbit is heavily wounded.
Prince Ribbit hits you.
* * * LOW HITPOINT WARNING * * *
Prince Ribbit catches a mosquito with his tongue.
You block Prince Ribbit's attack.
You miss Prince Ribbit. Your kick misses Prince Ribbit.
Prince Ribbit is heavily wounded.
You block Prince Ribbit's attack. Prince Ribbit hits you!
You die...

#.......#.#....................#.
#....##.#.#................#.#.##
................######.#####.#...
.....##.###..... #.# #.####
..........#..... #.# #.....
........#.#.....######.# ######
........#.#............#
........#.#####....#####
...............F@..#
###.##................... #.
#................... #
#...................
..#.##...<.....<.........
..#.##...................
..#.##...................
.....#...................
.....#............


You could see Prince Ribbit.

Vanquished Creatures
  The ghost of Gargoyl the Skirmisher, a novice DsAK of Lugonu (D:5)
  Edmund (D:4)
  An orc warrior (D:7)
  2 ice beasts
  2 sky beasts
  2 ogres
  A centaur (D:7)
  A phantom (D:4)
  A water moccasin zombie (D:5)
  2 crimson imps (D:6)
  A centaur zombie (D:5)
  A giant frog skeleton (D:5)
  A giant frog zombie (D:5)
  3 hounds
  5 orc wizards
  2 jellies (D:7)
  A centaur skeleton (D:5)
  Natasha (thrice) (D:4)
  A hound zombie (D:6)
  A hound skeleton (D:4)
  A worker ant zombie (D:7)
  10 adders
  3 gnolls (D:2)
  An adder zombie (D:5)
  5 worms
  3 giant geckos
  15 orcs
  3 ball pythons
  4 giant cockroaches
  9 goblins
  5 hobgoblins
  2 jackals
  6 kobolds
  3 quokkas
  3 bats
  3 giant newts
  8 rats
117 creatures vanquished.

Vanquished Creatures (others)
  A wizard (D:3)
1 creature vanquished.

Grand Total: 118 creatures vanquished

Notes
Turn   | Place    | Note
--------------------------------------------------------------
     0 | D:1      | Kloppie the Centaur Fighter began the quest for the Orb.
     0 | D:1      | Reached XP level 1. HP: 19/19 MP: 1/1
   177 | D:1      | Reached XP level 2. HP: 23/26 MP: 2/2
   693 | D:2      | Reached XP level 3. HP: 31/31 MP: 3/3
   833 | D:2      | Reached skill level 4 in Fighting
   833 | D:2      | Reached XP level 4. HP: 6/40 MP: 4/4
  1663 | D:2      | Found an ancient bone altar of Kikubaaqudgha.
  1998 | D:3      | Found a bloodstained altar of Trog.
  1999 | D:3      | Noticed a wizard
  2005 | D:3      | Killed a wizard
  2534 | D:3      | Reached XP level 5. HP: 35/47 MP: 5/5
  3022 | D:4      | Noticed Kloppie's ghost (amateur CeFi)
  3103 | D:4      | Noticed Natasha
  3111 | D:4      | Killed Natasha
  3204 | D:4      | Noticed Edmund
  3234 | D:4      | Killed Edmund
  3234 | D:4      | Reached skill level 5 in Fighting
  3234 | D:4      | Reached XP level 6. HP: 14/56 MP: 6/6
  3499 | D:4      | Noticed Natasha
  3528 | D:4      | Killed Natasha
  3899 | D:4      | Noticed an ogre
  3925 | D:4      | Killed an ogre
  3925 | D:4      | Reached skill level 5 in Axes
  4206 | D:4      | Found Ziqo's Jewellery Shop.
  4223 | D:4      | Found a shimmering altar of Xom.
  4274 | D:4      | Noticed Natasha
  4300 | D:4      | Killed Natasha
  4378 | D:4      | Reached XP level 7. HP: 62/62 MP: 7/7
  4457 | D:4      | Found a shimmering altar of Xom.
  4615 | D:5      | Entered Level 5 of the Dungeon
  4662 | D:5      | Reached skill level 6 in Fighting
  4677 | D:5      | Got an ancient ring mail
  4679 | D:5      | Identified the cursed +1 ring mail "Forget-Me-Not" {rPois Str+4 Stlth-} (You found it on level 5 of the Dungeon)
  4766 | D:5      | Noticed Gargoyl's ghost (novice DsAK)
  4926 | D:5      | Found Jogudaod's Magic Scroll Shop.
  5345 | D:5      | Reached skill level 7 in Fighting
  5360 | D:5      | Reached XP level 8. HP: 39/73 MP: 8/8
  5692 | D:5      | Killed Gargoyl's ghost
  6327 | D:6      | Found a staircase to the Ecumenical Temple.
  6336 | Temple   | Entered the Ecumenical Temple
  6428 | Temple   | Became a worshipper of Elyvilon the Healer
  6849 | D:7      | Noticed Prince Ribbit
  7034 | D:7      | Found a stormy altar of Qazlal.
  7484 | D:7      | Reached XP level 9. HP: 40/81 MP: 9/9
  7755 | D:7      | Slain by Prince Ribbit

Action                   |  1- 3 |  4- 6 |  7- 9 || total
-------------------------+-------+-------+-------++-------
Melee: War axe           |    74 |   203 |   277 ||   554
Evoke: Wand              |       |     5 |       ||     5
  Use: Potion            |     1 |       |     1 ||     2
       Scroll            |       |       |    16 ||    16
  Eat: Chunk             |       |     9 |     8 ||    17
       Fruit             |       |       |     2 ||     2
